 Dungeon Crawl Stone Soup version 0.30-a0-1094-g860fb061e7 (webtiles) character file.

Game seed: 5653028066932333276

16474 TrollFarmer the Geomancer (level 12, -3/68 HPs)
             Began as a Gargoyle Earth Elementalist on Apr 17, 2023.
             Was a Priest of Vehumet.
             Slain by a vampire mosquito (7 damage)
             ... on level 11 of the Dungeon.
             The game lasted 04:08:44 (13217 turns).

TrollFarmer the Geomancer (GrEE)                   Turns: 13217, Time: 04:08:45

Health: -3/68      AC: 22    Str: 12    XL:     12   Next: 37%
Magic:  25/25      EV: 18    Int: 24    God:    Vehumet [***...]
Gold:   400        SH:  0    Dex: 10    Spells: 16/29 levels left

rFire   + . .      SeeInvis .    J - +4 flail (protect)
rCold   . . .      Faith    .    (no shield)
rNeg    + . .      Spirit   .    O - +2 robe {Archmagi}
rPois   ∞          Reflect  .    K - +0 helmet
rElec   +          Rampage  .    z - +0 cloak
rCorr   .          Archmagi +    q - +0 pair of gloves
Will    .....                    E - +0 pair of boots
Stlth   ++                       d - amulet of regeneration
HPRegen 1.11/turn                i - +4 ring of protection
MPRegen 0.19/turn                F - ring of Kequocw {+Blink rF+ EV+5 Int+3}

@: no status effects
A: sickness immunity, AC +8, negative energy resistance 1, electricity
resistance, torment resistance 1, petrification resistance
a: Renounce Religion, Evoke Blink


You were on level 11 of the Dungeon.
You worshipped Vehumet.
Vehumet was most pleased with you.
You visited 2 branches of the dungeon, and saw 14 of its levels.

You collected 890 gold pieces.
You spent 490 gold pieces at shops.

Inventory:

Hand Weapons
 k - a +3 dagger of venom
 p - a +4 falchion of freezing
 J - a +4 flail of protection (weapon)
Missiles
 g - 110 stones
 y - 24 poisoned darts
 R - 2 throwing nets
 U - 5 curare-tipped darts
Armour
 q - a +0 pair of gloves (worn)
 s - a +0 robe of cold resistance
 z - a +0 cloak (worn)
 E - a +0 pair of boots (worn)
 G - +0 steam dragon scales
 K - a +0 helmet (worn)
 O - a +2 robe of the Archmagi (worn)
 T - an orb of energy
 Y - +0 acid dragon scales
Jewellery
 d - an amulet of regeneration (around neck)
 i - a +4 ring of protection (left hand)
 F - the ring of Kequocw (right hand) {+Blink rF+ EV+5 Int+3}
   (You took it off an orc on level 4 of the Dungeon)

   [ring of evasion]

   EV:        It affects your evasion (+5).
   Int:       It affects your intelligence (+3).
   rF:        It protects you from fire.
   +Blink:    It lets you blink.
 X - an amulet of guardian spirit
Wands
 t - a wand of mindburst (43)
 P - a wand of flame (5)
 Q - a wand of light (7)
 V - a wand of paralysis (10)
Scrolls
 a - a scroll of immolation {unknown}
 e - 2 scrolls of teleportation {unknown}
 f - 2 scrolls of amnesia {unknown}
 l - a scroll of blinking
 m - 2 scrolls of butterflies {unknown}
 o - 7 scrolls of enchant weapon
 v - 2 scrolls of fog {unknown}
 w - 2 scrolls of vulnerability
 x - a scroll of poison {unknown}
 C - a scroll of silence {unknown}
 D - 2 scrolls of enchant armour {unknown}
 L - 2 scrolls of fear {unknown}
 M - 3 scrolls of torment {unknown}
 N - 3 scrolls of noise {unknown}
 S - a scroll of magic mapping {unknown}
 Z - a scroll of brand weapon {unknown}
Potions
 b - 2 potions of magic
 c - 2 potions of haste
 h - 4 potions of degeneration
 j - a potion of heal wounds
 n - 3 potions of cancellation
 r - 4 potions of curing
 u - 2 potions of lignification
 A - 3 potions of might
 B - 2 potions of resistance
 H - 4 potions of flight
 I - 4 potions of brilliance
 W - 2 potions of ambrosia


   Skills:
 + Level 5.2 Fighting
 + Level 4.7 Maces & Flails
 - Level 5.3 Armour
 + Level 4.4 Dodging
 - Level 2.1 Stealth
 + Level 9.2 Spellcasting
 + Level 10.2 Conjurations
 - Level 0.7 Transmutations
 + Level 12.2 Earth Magic
 + Level 4.4 Evocations


You had 16 spell levels left.
You knew the following spells:

 Your Spells              Type           Power      Damage    Failure   Level
a - Sandblast             Erth           100%       2d20      1%          1
b - Stone Arrow           Conj/Erth      100%       3d13      1%          3
c - Magic Dart            Conj           100%       1d8       1%          1
d - Petrify               Tmut/Erth      58%        N/A       4%          4
e - Iskenderun's Mystic   Conj/Tloc      52%        2d11      1%          4

Your spell library contained the following spells:

 Spells                   Type           Power      Damage    Failure   Level
 Passwall                 Tmut/Erth      48%        N/A       1%          2
 Poisonous Vapours        Pois/Air       32%        N/A       2%          2
 Sting                    Tmut/Pois      76%        1d6       4%          1
 Lesser Beckoning         Tloc           32%        N/A       9%          2
 Olgreb's Toxic Radiance  Pois           16%        N/A       16%         4
 Gell's Gravitas          Tloc           16%        N/A       17%         3
 Teleport Other           Tloc           16%        N/A       17%         3
 Tukima's Dance           Hex            16%        N/A       17%         3
 Yara's Violent Unravell  Hex/Tmut       9%         3d6       32%         5
 Passage of Golubria      Tloc           16%        N/A       50%         4
 Dispersal                Tloc           8%         N/A       100%        6
 Chain Lightning          Conj/Air       26%        3d34      100%        9
 Fire Storm               Conj/Fire      26%        8d7       100%        9
 Shatter                  Erth           40%        3d32*     100%        9


Dungeon Overview and Level Annotations

Branches:
Dungeon (13/15)            Temple (1/1) D:6            Lair (0/5) D:11
    Orc (0/2) D:12
 Vaults: D:13-14

Altars:
Ashenzari
Cheibriados
Dithmenos
Elyvilon
Fedhas
Hepliaklqana
Kikubaaqudgha
Nemelex Xobeh
Okawaru
Qazlal
Ru
Sif Muna
Trog
Vehumet
Xom
Yredelemnul
The Shining One

Shops:
D:2 =   D:7 [   D:8 ?

Annotations:
D:10 3 runed translucent doors, holysushi's ghost, journeyman OpMo
D:11 exclusion: 3 oklob plants


Innate Abilities, Weirdness & Mutations

You are immune to sickness and miasma.
Your stone body is resilient. (AC +8)
You are immune to poison.
You resist negative energy. (rN+)
You are resistant to electric shocks. (rElec)
You are resistant to unholy torment.
You are immune to petrification.


Message History

Deactivating autopickup; reactivate with Ctrl-A.
The vampire mosquito attacks as you move away!
The vampire mosquito completely misses you.
The vampire mosquito closely misses you.
The vampire mosquito barely misses you.
The two-headed ogre hits you with a +0 giant spiked club.
The two-headed ogre hits you with a +0 giant spiked club!
The vampire mosquito bites you but does no damage.
The vampire mosquito closely misses you.
The vampire mosquito bites you.
You feel stable enough to blink again. The vampire mosquito barely misses you.
The vampire mosquito bites you but does no damage.
The shadow strikes at you from the darkness!
* * * LOW HITPOINT WARNING * * *
Reactivating autopickup.
The vampire mosquito misses you. The shadow misses you.
The vampire mosquito barely misses you. The shadow attacks as you move away!
The shadow closely misses you.
The vampire mosquito attacks as you move away!
The vampire mosquito closely misses you.
The shadow attacks as you move away! The shadow hits you.
The vampire mosquito attacks as you move away!
The vampire mosquito completely misses you. x2
The vampire mosquito barely misses you.
The vampire mosquito closely misses you.
The shadow slips into darkness.
The shadow flickers and vanishes!
Deactivating autopickup; reactivate with Ctrl-A.
The vampire mosquito bites you.
* * * LOW HITPOINT WARNING * * *
The vampire mosquito closely misses you.
The vampire mosquito bites you.
* * * LOW HITPOINT WARNING * * *
The vampire mosquito barely misses you. The vampire mosquito misses you.
The vampire mosquito barely misses you.
The vampire mosquito bites you but does no damage.
The vampire mosquito closely misses you.
The vampire mosquito bites you!
You die...

##....#......#.....
#............#.....
#............#..... ####
#..<.........#..... ...#
#............#..... ...###
#####...##########..##
.....#######..##...###....###'###
#.##...............#...........#.
.##########.....@..#...........#.
.# #....>.yy#...........#. .#
#.....O..#...........#. ≈#
##..##...##.....####.##
#####...##.....#######
#....#.............
#....#.............
#....#.............
#....#.............


You could see a two-headed ogre and 2 vampire mosquitoes.

Vanquished Creatures
  Josephine (D:10)
  Erica (D:9)
  2 boulder beetles
  2 two-headed ogres
  Urug (D:11)
  2 manticores
  A gargoyle (D:11)
  2 unseen horrors (D:10)
  Maggie (D:7)
  A kobold demonologist (D:11)
  An efreet (D:13)
  Grinder (D:3)
  2 hornets (D:10)
  2 shadows
  7 wraiths
  20 yaks
  4 steam dragons
  Edmund (D:5)
  An acid dragon (D:8)
  2 water moccasins
  2 ice beasts (D:6)
  3 sky beasts
  2 ogres
  4 orc warriors
  6 centaurs
  A phantom (D:4)
  2 kobold brigands
  A gnoll sergeant (D:6)
  7 bullfrogs
  3 scorpions
  16 wights
  6 killer bees
  2 electric eels
  A lava snake (D:7)
  4 hounds
  7 orc priests
  2 gnoll boudas
  3 jellies (D:4)
  An iguana (D:4)
  Terence (D:2)
  5 orc wizards
  11 gnolls
  8 adders
  3 shadow imps
  4 white imps
  An ufetubus (D:6)
  2 worms
  3 dart slugs
  24 orcs
  9 endoplasms
  7 giant cockroaches
  9 goblins
  3 hobgoblins
  8 jackals
  3 quokkas
  5 ball pythons
  5 bats
  2 frilled lizards (D:2)
  10 kobolds
  3 rats
254 creatures vanquished.

Vanquished Creatures (others)
  5 fungi (D:6)
  3 plants
8 creatures vanquished.

Grand Total: 262 creatures vanquished

Notes
Turn   | Place    | Note
-------+----------+-------------------------------------------
     0 | D:1      | TrollFarmer the Gargoyle Earth Elementalist began the quest
                  | for the Orb.
     0 | D:1      | Reached XP level 1. HP: 10/10 MP: 3/3
   368 | D:1      | Reached skill level 4 in Earth Magic
   368 | D:1      | Reached XP level 2. HP: 15/15 MP: 3/5
  1208 | D:2      | Found Lefoats's Jewellery Boutique.
  1247 | D:2      | Reached XP level 3. HP: 16/19 MP: 2/6
  1650 | D:2      | Learned a level 3 spell: Stone Arrow
  1788 | D:2      | Noticed Terence
  1850 | D:2      | Killed Terence
  1851 | D:2      | Reached skill level 1 in Conjurations
  1851 | D:2      | Reached XP level 4. HP: 18/24 MP: 2/8
  2570 | D:3      | Reached skill level 5 in Earth Magic
  2677 | D:3      | Found a stormy altar of Qazlal.
  3272 | D:4      | Reached XP level 5. HP: 20/28 MP: 6/10
  3396 | D:4      | Noticed Grinder
  3416 | D:4      | Paralysed by Grinder for 3 turns
  3425 | D:4      | Paralysed by Grinder for 3 turns
  3472 | D:3      | Paralysed by Grinder for 4 turns
  3476 | D:3      | Killed Grinder
  3477 | D:3      | Reached skill level 6 in Earth Magic
  3477 | D:3      | Reached XP level 6. HP: 16/32 MP: 5/12
  3597 | D:4      | Found a white marble altar of Elyvilon.
  3626 | D:4      | Reached XP level 7. HP: 36/36 MP: 9/13
  3728 | D:4      | Found an iron altar of Okawaru.
  3755 | D:4      | Found an ancient bone altar of Kikubaaqudgha.
  4404 | D:4      | Identified the ring of Kequocw {+Blink rF+ EV+5 Int+3}
  4667 | D:5      | Entered Level 5 of the Dungeon
  4766 | D:5      | Reached skill level 7 in Earth Magic
  4900 | D:5      | Reached skill level 5 in Spellcasting
  5039 | D:5      | Reached XP level 8. HP: 41/41 MP: 7/15
  5154 | D:5      | Reached skill level 5 in Conjurations
  5478 | D:5      | Noticed Edmund
  5505 | D:5      | Killed Edmund
  5506 | D:5      | Reached skill level 8 in Earth Magic
  5768 | D:6      | Found a staircase to the Ecumenical Temple.
  5778 | Temple   | Entered the Ecumenical Temple
  5837 | Temple   | Became a worshipper of Vehumet
  5975 | D:6      | Identified the +0 dagger of Biasob {flame, SInv}
  6151 | D:6      | Reached XP level 9. HP: 44/45 MP: 14/18
  6275 | D:6      | Reached skill level 9 in Earth Magic
  6436 | D:6      | Found a blossoming altar of Fedhas.
  6751 | D:7      | Found Haxke's Armour Shop.
  6918 | D:7      | Reached * piety under Vehumet
  6918 | D:7      | Offered knowledge of Magic Dart by Vehumet.
  6926 | D:7      | Reached skill level 10 in Earth Magic
  6931 | D:7      | Learned a level 1 spell: Magic Dart
  6985 | D:7      | Noticed Maggie
  6993 | D:7      | Killed Maggie
  6994 | D:7      | Reached XP level 10. HP: 50/50 MP: 8/21
  7646 | D:7      | Found a sacrificial altar of Ru.
  8052 | D:8      | Found Neabo's Magic Scroll Shoppe.
  8148 | D:8      | Reached skill level 1 in Armour
  8189 | D:8      | Reached skill level 1 in Fighting
  8195 | D:8      | Reached skill level 1 in Maces & Flails
  8211 | D:8      | Reached skill level 1 in Evocations
  8762 | D:8      | Reached skill level 11 in Earth Magic
  9006 | D:7      | Bought a +2 robe of the Archmagi for 490 gold pieces
  9060 | D:9      | Offered knowledge of Scorch by Vehumet.
  9067 | D:9      | Reached ** piety under Vehumet
  9137 | D:9      | Found a bloodstained altar of Trog.
  9137 | D:9      | Found a shadowy altar of Dithmenos.
  9137 | D:9      | Found a basalt altar of Yredelemnul.
  9333 | D:9      | Found a snail-covered altar of Cheibriados.
  9364 | D:9      | Noticed a two-headed ogre
  9378 | D:9      | Killed a two-headed ogre
  9571 | D:9      | Noticed Erica
  9575 | D:9      | Killed Erica
  9576 | D:9      | Reached XP level 11. HP: 57/60 MP: 23/23
  9804 | D:9      | Learned a level 4 spell: Petrify
  9939 | D:9      | Found a hazy altar of Hepliaklqana.
 10404 | D:10     | Entered Level 10 of the Dungeon
 10666 | D:10     | Found a runed translucent gate.
 10666 | D:10     | Found a runed translucent gate.
 10669 | D:10     | Found a runed translucent gate.
 10671 | D:10     | Noticed an ogre mage
 10671 | D:10     | Noticed holysushi's ghost (journeyman OpMo)
 10712 | D:10     | You fall into a shaft and drop 3 floors!
 10794 | D:12     | Found a staircase to the Orcish Mines.
 10872 | D:12     | Offered knowledge of Hailstorm by Vehumet.
 10988 | D:11     | Noticed a manticore
 10995 | D:11     | Killed a manticore
 11198 | D:10     | Noticed a boulder beetle
 11233 | D:10     | Killed a boulder beetle
 11233 | D:10     | Reached *** piety under Vehumet
 11757 | D:11     | Noticed Josephine
 11768 | D:11     | Noticed a manticore
 11771 | D:11     | Noticed a boulder beetle
 11802 | D:10     | Killed Josephine
 11849 | D:10     | Reached XP level 12. HP: 55/67 MP: 23/25
 11952 | D:10     | Reached skill level 10 in Conjurations
 11977 | D:10     | Reached skill level 12 in Earth Magic
 12167 | D:10     | Offered knowledge of Iskenderun's Mystic Blast by Vehumet.
 12176 | D:10     | Learned a level 4 spell: Iskenderun's Mystic Blast
 12254 | D:11     | Killed a boulder beetle
 12255 | D:11     | Reached skill level 5 in Fighting
 12255 | D:11     | Reached skill level 5 in Armour
 12443 | D:11     | Noticed a two-headed ogre
 12456 | D:11     | Killed a two-headed ogre
 12594 | D:11     | Upgraded the game from 0.30-a0-1085-g990a428a5c to
                  | 0.30-a0-1094-g860fb061e7
 12623 | D:11     | Noticed Urug
 12642 | D:11     | Killed Urug
 12895 | D:11     | Found a staircase to the Lair.
 13189 | D:12     | Noticed a two-headed ogre
 13209 | D:11     | HP: 1/68 [something (22)]
 13215 | D:11     | HP: 2/68 [vampire mosquito (5)]
 13217 | D:11     | Slain by a vampire mosquito

Illustrated notes

Levels and vault maps discovered:
D:1:      lightli_arrival_statuegarden, layout_basic, minmay_pentomino_o4
D:2:      layout_loops_ring, serial_shops, nicolae_shop_stone, uniq_terence
D:3:      layout_basic, nicolae_qazlal_scattered_showers
D:4:      minmay_clustersquares, layout_basic, elyvilon_altar_5,
          lemuel_crystal_altar, okawaru_ov_weapons_minmay, uniq_grinder
D:5:      layout_loops_ring, uniq_edmund
D:6:      layout_rooms, fedhas_altar_3, minmay_temple_entry_mist, hex_large,
          hangedman_decor_opposing, kennysheep_generic_room_3
D:7:      layout_cave_pools, marbit_many_paths, serial_shops, shop,
          minmay_misc_feat_columns, kennysheep_dice, uniq_maggie
D:8:      layout_basic, serial_shops, nicolae_shop_crystal,
          amcnicky_mini_pool_medium
D:9:      layout_cave_pods, mainiacjoe_overflow_catwalk,
          gammafunk_temple_overflow_forgotten, nzn_hepliaklqana_mist_gate,
          enter_bailey_5, uniq_erica
D:10:     layout_rooms, gammafunk_ghost_split, grunt_decor_fettered,
          st_stairs_2, kennysheep_potato
D:11:     layout_gridville, dpeg_oklobed_lair, uniq_josephine, uniq_urug
D:12:     layout_layer_cave, orc_0_dummy, uniq_erolcha, uniq_nessos
D:13:     layout_irregular_city, grunt_vaults_entry_fortified
Temple:   jpeg_temple_clearing

Skill      XL: |  1  2  3  4  5  6  7  8  9 10 11 12 |
---------------+-------------------------------------+-----
Earth Magic    | 4 5 6 7 8 10 11 12 | 12.2
Spellcasting   | 3 4 5 6 7 8 9 |  9.2
Conjurations   | 1 3 4 6 8 9 10 | 10.2
Armour         | 3 4 5 |  5.3
Fighting       | 3 4 5 |  5.2
Maces & Flails | 2 4 |  4.7
Dodging        | 2 3 4 |  4.4
Evocations     | 2 3 4 |  4.4
Stealth        | |  2.1
Transmutations | |  0.7

Action                     |  1- 3 |  4- 6 |  7- 9 | 10-12 || total
---------------------------+-------+-------+-------+-------++-------
  Melee: Unarmed           |     4 |       |       |       ||     4
         Club              |    34 |       |       |       ||    34
         Whip              |    28 |    71 |       |       ||    99
         Dagger            |       |       |    80 |       ||    80
         Punch             |       |       |     2 |     2 ||     4
         Flail             |       |       |    60 |   335 ||   395
   Cast: Sandblast         |    41 |    41 |    97 |   114 ||   293
         Stone Arrow       |       |     1 |    21 |    79 ||   101
         Magic Dart        |       |       |     5 |     1 ||     6
         Iskenderun's Myst |       |       |       |     1 ||     1
         Petrify           |       |       |       |     1 ||     1
Ability: Evoke Blink       |       |       |       |     5 ||     5
  Evoke: Wand              |       |       |     1 |       ||     1
    Use: Scroll            |       |     4 |     4 |     2 ||    10
         Potion            |       |     1 |       |     1 ||     2
 Armour: Robe              |    38 |    49 |    70 |   288 ||   445
         Skin              |       |     4 |       |       ||     4
         Acid dragon scale |       |       |       |    33 ||    33
  Dodge: Dodged            |    61 |    52 |   174 |   573 ||   860

Table legend: (Time is in decaauts)
 A = Elapsed time spent in this place.
 B = Non-inter-level travel time spent in this place.
 C = Inter-level travel time spent in this place.
 D = Time resting spent in this place.
 E = Time spent auto-exploring this place.
 F = Levels seen in this place.
 G = Mean time per level.
                   A        B        C        D        E       F      G
               +--------+--------+--------+--------+--------+-----+--------+
         Total |  13538 |  13509 |     29 |   1604 |   1601 |  14 |  967.0 |
       Dungeon |  13465 |  13436 |     29 |   1604 |   1601 |  13 | 1035.8 |
        Temple |     72 |     72 |      0 |      0 |      0 |   1 |   72.0 |
               +--------+--------+--------+--------+--------+-----+--------+

Top non-repeatable levels by time:
    D:10: 1481 daAuts
     D:4: 1409 daAuts
     D:9: 1367 daAuts
     D:7: 1234 daAuts
     D:1: 1210 daAuts
    D:11: 1179 daAuts
     D:8: 1173 daAuts
     D:5: 1108 daAuts
     D:2: 1078 daAuts
     D:3: 1040 daAuts
     D:6: 901 daAuts
    D:12: 197 daAuts
    D:13: 83 daAuts
  Temple: 72 daAuts
